 Dungeon Crawl Stone Soup version bcrawl-1.36.4 (webtiles) character file.

Game seed: 3345370894261584290

180319 yrara the Skirmisher (level 5, -1/42 HPs)
             Began as a Demonspawn Fighter on Aug 15, 2022.
             Killed by divine providence
             ... invoked by an orc priest
              (10 damage)
             ... on level 3 of the Dungeon.
             The game lasted 00:01:54 (2271 turns).

yrara the Skirmisher (Demonspawn Fighter)           Turns: 2271, Time: 00:01:54

Health: -1/42      AC:  9    Str: 16    XL:     5   Next: 61%
Magic:  14/14      EV:  9    Int: 10    God:
Gold:   152        SH:  0    Dex: 13    Spells: 4/4 levels left

rFire    . . .     SeeInvis .   a - +1 war axe
rCold    . . .     Gourm    .   (no shield)
rNeg     + . .     Faith    .   b - +0 scale mail
rPois    .         Spirit   .   (no helmet)
rElec    .         Reflect  .   o - +0 cloak
rCorr    .                      f - +0 pair of gloves
MR       .....                  (no boots)
Stlth    ..........             (no amulet)
HPRegen  0.14/turn              l - ring of positive energy
MPRegen  0.14/turn              p - ring of magical power

@: no status effects
A: foul stench 2, rot immunity
a: no special abilities


You were on level 3 of the Dungeon.
You were not hungry.

You visited 1 branch of the dungeon, and saw 3 of its levels.

You collected 152 gold pieces.

Inventory:

Hand Weapons
 a - a +1 war axe (weapon)
Missiles
 t - 132 arrows
Armour
 b - a +0 scale mail (worn)
 c - a +0 medium shield
 f - a +0 pair of gloves (worn)
 o - a +0 cloak (worn)
Jewellery
 l - a ring of positive energy (left hand)
 p - a ring of magical power (right hand)
Scrolls
 g - 2 scrolls of remove curse
 i - 3 scrolls of identify
 j - a scroll of teleportation
Potions
 d - a potion of might
 h - 2 potions of lignification
 k - a potion of degeneration {unknown}
 n - a potion of invisibility {unknown}
 r - a potion of agility {unknown}
Comestibles
 e - 9 rations {!d}
 m - 9 chunks of flesh


   Skills:
 + Level 4.0 Fighting
 * Level 4.0 Axes
 + Level 3.7 Armour
 - Level 2.6 Shields


You had 4 spell levels left.
You didn't know any spells.
Your spell library was empty.

Dungeon Overview and Level Annotations

Branches:
Dungeon (3/12)

Altars:
Lugonu


Innate Abilities, Weirdness & Mutations

You frequently emit foul miasma when damaged in melee.
You are immune to rotting.


Message History

The orc shouts!
There are monsters nearby!
The orc priest hits you but does no damage.
The orc priest looks sick.
There are monsters nearby!
You hit the orc priest.
The orc priest is moderately wounded.
The orc priest hits you but does no damage.
You hit the orc priest.
The orc priest is severely wounded.
The orc priest mumbles some strange prayers to Beogh against you.
Beogh smites you!
You slash the orc!
You kill the orc!
The orc priest invokes the aid of Beogh against you.
Beogh smites you!
* * * LOW HITPOINT WARNING * * *
The orc priest calls down the wrath of Beogh upon you.
Beogh smites you!
You die...

###########
#..@.oooo..
#.######### #.#
#####.#######
#####............
#.........######+###
#.###....)#####....#
#.# ##.#...).......#
#.# #.#.#####.....#


You could see 3 orc priests and an orc.

Vanquished Creatures
  2 orc priests (D:3)
  Crazy Yiuf (D:2)
  Jessica (D:2)
  2 adders
  A dart slug (D:3)
  2 leopard geckos
  11 orcs (D:3)
  A ball python (D:1)
  4 bats
  2 giant cockroaches
  3 goblins (D:2)
  7 hobgoblins
  3 jackals (D:1)
  6 kobolds
  A quokka (D:2)
  4 frilled lizards
  8 rats
59 creatures vanquished.

Notes
Turn   | Place    | Note
-------+----------+-------------------------------------------
     0 | D:1      | yrara the Demonspawn Fighter began the quest for the Orb.
     0 | D:1      | Reached XP level 1. HP: 18/18 MP: 1/1
   245 | D:1      | Gained mutation: You are immune to rotting. [demonic
                  | ancestry]
   245 | D:1      | Reached XP level 2. HP: 24/24 MP: 2/2
   927 | D:2      | Noticed Jessica
   934 | D:2      | Killed Jessica
   935 | D:2      | Gained mutation: You may emit foul miasma when damaged in
                  | melee. [demonic ancestry]
   935 | D:2      | Reached XP level 3. HP: 29/29 MP: 3/3
  1123 | D:2      | Found a runed door.
  1605 | D:2      | Noticed Crazy Yiuf
  1611 | D:2      | Killed Crazy Yiuf
  1612 | D:2      | Reached XP level 4. HP: 20/36 MP: 4/4
  1731 | D:2      | Gained mutation: You frequently emit foul miasma when
                  | damaged in melee. [demonic ancestry]
  1731 | D:2      | Reached XP level 5. HP: 3/42 MP: 5/5
  2162 | D:3      | Found a corrupted altar of Lugonu.
  2271 | D:3      | Killed from afar by an orc priest

Skill      XL: |  1  2  3  4  5 |
---------------+----------------+-----
Axes           | 2 3 4 |  4.0
Armour         | 3 |  3.7
Fighting       | 4 |  4.0
Shields        | |  2.6

Action                   |  1- 3 |  4- 6 || total
-------------------------+-------+-------++-------
Melee: War axe           |   107 |    58 ||   165
  Use: Scroll            |     7 |       ||     7
       Potion            |       |     1 ||     1
  Eat: Chunk             |     6 |     4 ||    10
Armor: Scale mail        |    71 |    34 ||   105
       Skin              |       |     7 ||     7
Dodge: Dodged            |    52 |    31 ||    83
